 Dungeon Crawl Stone Soup version 0.31-a0-986-g5e6e4ef867 (webtiles) character file.

Game seed: 8392350135491027658

10 Maratek the Trooper (level 2, 13/24 HPs)
             Began as a Demonspawn Fighter on Nov 3, 2023.
             Quit the game on level 1 of the Dungeon.
             The game lasted 00:00:12 (140 turns).

Maratek the Trooper (Demonspawn Fighter)             Turns: 140, Time: 00:00:12

Health: 13/24      AC:  6    Str: 16    XL:     2   Next: 10%
Magic:  2/2        EV:  8    Int:  9    God:
Gold:   0          SH:  4    Dex: 12    Spells: 1/1 levels left

rFire   . . .        a - +0 trident
rCold   . . .        c - +0 buckler
rNeg    . . .        b - +0 scale mail
rPois   .            (helmet restricted)
rElec   .            (no cloak)
rCorr   .            (no gloves)
SInv    .            (no boots)
Will    .....        (no amulet) Stlth
                     (no ring)
HPRegen 0.24/turn    (no ring)
MPRegen 0.08/turn

%: no passive effects
@: no status effects
A: antennae 1
a: no special abilities


You were on level 1 of the Dungeon.
You visited 1 branch of the dungeon, and saw 1 of its levels.

Inventory:

Hand Weapons
 a - a +0 trident (weapon)
Armour
 b - a +0 scale mail (worn)
 c - a +0 buckler (worn)
Scrolls
 e - a scroll of noise {unknown}
Potions
 d - a potion of might


   Skills:
 + Level 3.1 Fighting
 + Level 2.1 Polearms
 + Level 2.8 Armour
 + Level 2.8 Shields


You had one spell level left.
You didn't know any spells.
Your spell library was empty.

Dungeon Overview and Level Annotations

Branches:
Dungeon (1/15)

Altars:


Innate Abilities, Weirdness & Mutations

You have a pair of small antennae on your head.


Message History

A bat, a goblin and a hobgoblin come into view.
Found 2 smoky coppery potions.
The goblin shouts!
The hobgoblin shouts!
The bat hits you. The bat hits you but does no damage.
You hit the gnoll.
The gnoll is lightly wounded.
The bat hits you but does no damage. x2; The gnoll hits you with a +0 club.
The gnoll barely misses you.
You closely miss the gnoll.
The gnoll is lightly wounded.
You block the bat's attack. x2; The gnoll hits you with a +0 club.
You hit the gnoll.
The gnoll is moderately wounded.
You block the bat's attack. x2; The bat barely misses you.
The gnoll hits you but does no damage.
You puncture the gnoll!
The gnoll is almost dead.
The bat hits you but does no damage. x3; The gnoll closely misses you.
The hobgoblin hits you but does no damage.
The goblin closely misses you. The gnoll hits you with a +0 club.
You block the hobgoblin's attack.
You hit the gnoll but do no damage.
The gnoll is almost dead.
The bat misses you. The bat hits you but does no damage.
The bat completely misses you. The goblin hits you with a +0 club.
The hobgoblin hits you but does no damage.
The gnoll closely misses you.
You barely miss the gnoll.
The gnoll is almost dead.
The bat hits you but does no damage. x2; The goblin hits you with a +0 club.
The hobgoblin barely misses you. You block the gnoll's attack.
You puncture the gnoll!
You kill the gnoll!
The bat hits you. The bat barely misses you. You block the bat's attack.
You block the goblin's attack. The hobgoblin closely misses you.
Your Polearms skill increases to level 2!
You have reached level 2!
Your demonic ancestry asserts itself...
A pair of antennae grows on your head!
Are you sure you want to abandon this character and quit the game? (Confirm with "yes".)

#..# #.## ##.#
#####..#### #.## !...
.........#####.## #.#.
......##.......## #...
#.###..........## #....
#.# #..........##
#....##.###.########..#
#.bgg†....# #...##
#...@####.# #.####
#.b)..# #.# #.# #
#.........##.######.####
#......................#
#.........##..........##
.........###..#####.#.#
........## ..# #.#.#
#..#..... #.#.# #.#.#


You could see a hobgoblin, a goblin and 2 bats.

Vanquished Creatures
  A gnoll (D:1)
  2 rats (D:1)
3 creatures vanquished.

Notes
Turn   | Place    | Note
-------+----------+-------------------------------------------
     0 | D:1      | Maratek the Demonspawn Fighter began the quest for the Orb.
     0 | D:1      | Reached XP level 1. HP: 18/18 MP: 1/1
   140 | D:1      | Gained mutation: You have a pair of small antennae on your
                  | head. [demonic ancestry]
   140 | D:1      | Reached XP level 2. HP: 13/24 MP: 2/2
   140 | D:1      | Quit the game

Illustrated notes

Levels and vault maps discovered:
D:1:      lightli_arrival_quake, layout_loops_ring

Skill      XL: |  1 |
---------------+----+-----
Polearms       | 2 |  2.1
Fighting       | |  3.1
Armour         | |  2.8
Shields        | |  2.8

Action                     || total
---------------------------++-------
  Melee: Trident           ||    11
 Armour: Scale mail        ||    20
  Dodge: Dodged            ||    10
  Block: Buckler           ||     9

Table legend: (Time is in decaauts)
 A = Elapsed time spent in this place.
 B = Non-inter-level travel time spent in this place.
 C = Inter-level travel time spent in this place.
 D = Time resting spent in this place.
 E = Time spent auto-exploring this place.
 F = Levels seen in this place.
 G = Mean time per level.
                   A        B        C        D        E       F      G
               +--------+--------+--------+--------+--------+-----+--------+
         Total |    142 |    142 |      0 |      0 |    118 |   1 |  142.0 |
       Dungeon |    142 |    142 |      0 |      0 |    118 |   1 |  142.0 |
               +--------+--------+--------+--------+--------+-----+--------+

Top non-repeatable levels by time:
     D:1: 142 daAuts
